 Dungeon Crawl Stone Soup version 0.24-a0-504-gcfb02b9d07 (webtiles) character file.

Game seed: 696647749460553131

173 KristoblXynda the Slasher (level 5, 0/45 HPs)
             Began as a Draconian Fighter on July 16, 2019.
             Was an Initiate of Gozag.
             Killed from afar by an orc wizard (6 damage)
             ... with a magic dart
             ... on level 3 of the Dungeon.
             The game lasted 00:03:06 (2465 turns).

KristoblXynda the Slasher (Draconian Fighter)       Turns: 2465, Time: 00:03:07

Health: 0/45       AC:  6    Str: 19    XL:     5   Next: 28%
Magic:  5/5        EV: 11    Int:  9    God:    Gozag
Gold:   323        SH:  9    Dex: 10    Spells: 4/4 levels left

rFire    + . .     SeeInvis .   a - +0 long sword
rCold    . . .     Gourm    .   b - +0 shield
rNeg     . . .     Faith    .   (armour unavailable)
rPois    .         Spirit   .   (helmet restricted)
rElec    .         Reflect  .   (no cloak)
rCorr    .         Harm     .   h - +0 pair of gloves
MR       .....                  (no boots)
Stlth    +.........             (no amulet)
HPRegen  0.15/turn              k - ring of protection from fire
MPRegen  0.09/turn              (no ring)

@: no status effects
A: unfitting armour, cold-blooded, AC +5
a: Potion Petition, Call Merchant, Bribe Branch, Renounce Religion


You were on level 3 of the Dungeon.
You worshipped Gozag.
Gozag was aware of your devotion.
You were very hungry.

You visited 1 branch of the dungeon, and saw 3 of its levels.

You collected 356 gold pieces.
You paid 33 gold pieces to Gozag.

Inventory:

Hand Weapons
 a - a +0 long sword (weapon)
Missiles
 i - a throwing net (quivered)
Armour
 b - a +0 shield (worn)
 h - a +0 pair of gloves (worn)
Jewellery
 k - a ring of protection from fire (left hand)
Scrolls
 f - 2 scrolls of random uselessness {unknown}
 g - 4 scrolls of identify {unknown}
 l - 2 scrolls of immolation {unknown}
 m - a scroll of amnesia {unknown}
 o - 2 scrolls of blinking {unknown}
 s - a scroll of enchant armour {unknown}
 t - 2 scrolls of fear {unknown}
Potions
 c - 3 potions of might
 e - a potion of degeneration {unknown}
 n - a potion of flight {unknown}
 p - a potion of ambrosia {unknown}
 q - a potion of lignification {unknown}
 r - a potion of cancellation {unknown}
Comestibles
 d - 5 rations


   Skills:
 - Level 3.2 Fighting
 * Level 4.1 Long Blades
 + Level 3.5 Dodging
 + Level 3.9 Shields


You had 4 spell levels left.
You didn't know any spells.
Your spell library was empty.

Dungeon Overview and Level Annotations

Branches:
Dungeon (3/15)

Altars:
Fedhas
Gozag
Nemelex Xobeh
Ru
Sif Muna
Trog


Innate Abilities, Weirdness & Mutations

Your plain brown scales are hard. (AC +5)
You cannot fit into any form of body armour.
You are cold-blooded and may be slowed by cold attacks.


Message History

Unknown command.
You feel better. The orc wizard barely misses you.
You hit the orc wizard but do no damage.
The orc wizard is heavily wounded.
The orc wizard looks braver for a moment.
The orc wizard hits you but does no damage.
You hit the orc wizard.
The orc wizard is almost dead.
You are feeling very hungry.
The orc wizard casts a spell at you. The magic dart hits you.
* * * LOW HITPOINT WARNING * * *
You block the orc wizard's attack.
You hit the orc wizard but do no damage.
Your tail-slap misses the orc wizard.
The orc wizard is almost dead.
The orc wizard casts a spell at you. The magic dart hits you.
You die...
Your body crumbles into a pile of gold.

####.
############..... #
#.......?........
#.##(..........####
#...........$..#
####..#######@##
#..# #o# ##..# #o#
##.#.## #o. #.###.#
#.. ##.#.########.#
##.......>...#
#####..##########
#......#


You could see an orc wizard and 2 orcs.

Vanquished Creatures
  An orc priest (D:3)
  An orc wizard (D:3)
  5 adders
  A worm (D:2)
  3 dart slugs
  2 leopard geckos (D:2)
  6 orcs (D:3)
  A ball python (D:2)
  4 goblins
  10 hobgoblins
  5 jackals
  6 kobolds
  5 bats
  4 frilled lizards
  7 rats
61 creatures vanquished.

Notes
Turn   | Place    | Note
-------+----------+-------------------------------------------
     0 | D:1      | KristoblXynda the Draconian Fighter began the quest for the
                  | Orb.
     0 | D:1      | Reached XP level 1. HP: 19/19 MP: 1/1
   239 | D:1      | Reached XP level 2. HP: 26/26 MP: 2/2
   910 | D:2      | Reached XP level 3. HP: 24/31 MP: 3/3
  1050 | D:2      | Reached skill level 3 in Long Blades
  1096 | D:2      | Found a blossoming altar of Fedhas.
  1127 | D:2      | Found an opulent altar of Gozag.
  1138 | D:2      | Found a sparkling altar of Nemelex Xobeh.
  1143 | D:2      | Found a sacrificial altar of Ru.
  1149 | D:2      | Became a worshipper of Gozag Ym Sagoz the Greedy
  1254 | D:2      | Found a bloodstained altar of Trog.
  1597 | D:2      | Found a deep blue altar of Sif Muna.
  2038 | D:3      | Reached XP level 4. HP: 37/38 MP: 4/4
  2300 | D:3      | Reached skill level 4 in Long Blades
  2300 | D:3      | Reached XP level 5. HP: 29/45 MP: 5/5
  2465 | D:3      | Killed from afar by an orc wizard

Levels and vault maps discovered:
D:1:      co_arrival_hall_of_pillars, layout_basic, minmay_misc_feat_rugged,
          minmay_tetromino_o2
D:2:      minmay_diamond_boxcup, layout_basic, grunt_temple_overflow_cloverleaf,
          bloody_trog, led_sif_pool, minmay_misc_feat_hallway
D:3:      layout_loops_ring

Skill      XL: |  1  2  3  4 |
---------------+-------------+-----
Dodging        | 3 |  3.5
Long Blades    | 3 4 |  4.1
Fighting       | |  3.2
Shields        | |  3.9

Action                   |  1- 3 |  4- 6 || total
-------------------------+-------+-------++-------
Melee: Long sword        |   150 |    74 ||   224
       Tailslap          |    19 |    10 ||    29
  Use: Potion            |       |     2 ||     2
 Stab: Sleeping          |     1 |       ||     1
  Eat: Ration            |     1 |       ||     1
       Chunk             |     1 |       ||     1
Armor: Skin              |    60 |    16 ||    76
Dodge: Dodged            |    73 |    24 ||    97
Block: Shield            |    78 |    33 ||   111
       Rpst.: Long sword |    14 |     4 ||    18

Table legend:
 A = Non-vault XP
 B = Vault XP
 C = Vault XP percentage of total XP
 D = Non-vault monster count
 E = Vault monster count
 F = Vault count percentage of total count
                 A         B        C        D         E       F
            +---------+---------+-------+---------+---------+-------
      Total |     230 |      18 |   7.3 |      51 |      10 |  16.4
            +---------+---------+-------+---------+---------+-------
        D:1 |      27 |       6 |  18.2 |      15 |       2 |  11.8
        D:2 |      51 |      12 |  19.0 |      20 |       8 |  28.6
        D:3 |     152 |       0 |   0.0 |      16 |       0 |   0.0
            +---------+---------+-------+---------+---------+-------
